 Dungeon Crawl Stone Soup version 0.23-a0-269-g65e0026 (webtiles) character file.

366 mhoghedin the Skirmisher (level 6, -1/49 HPs)
             Began as a Mummy Fighter on Sept 30, 2018.
             Slain by iamserjio's ghost (5 damage)
             ... on level 3 of the Dungeon.
             The game lasted 00:03:19 (2411 turns).

mhoghedin the Skirmisher (Mummy Fighter)            Turns: 2411, Time: 00:03:20

Health: -1/49      AC:  7    Str: 20    XL:     6   Next: 40%
Magic:  6/6        EV:  7    Int:  8    God:
Gold:   124        SH:  9    Dex: 12    Spells: 5/5 levels left

rFire    x . .     SeeInvis .   g - +0 hand axe (freeze)
rCold    + . .     Gourm    .   c - +0 shield
rNeg     + + +     Faith    .   b - +0 scale mail
rPois    ∞         Spirit   .   (no helmet)
rElec    .         Reflect  .   (no cloak)
rCorr    .         Harm     .   (no gloves)
MR       .....                  (no boots)
Stlth    ..........             (no amulet)
HPRegen  0.16/turn              (no ring)
MPRegen  0.10/turn              (no ring)

@: no status effects
A: no food or potions, fire vulnerability, cold resistance 1, negative energy
resistance 3, torment resistance, unbreathing
a: no special abilities


You were on level 3 of the Dungeon.
You were not hungry.

You visited 1 branch of the dungeon, and saw 3 of its levels.

You collected 124 gold pieces.

Inventory:

Hand Weapons
 a - a +0 flail
 g - a +0 hand axe of freezing (weapon)
   (You took it off an orc on level 3 of the Dungeon)
Armour
 b - a +0 scale mail (worn)
 c - a +0 shield (worn)
 d - a +0 pair of boots
   (You found it on level 1 of the Dungeon)
 h - a +0 robe
   (You took it off an orc on level 3 of the Dungeon)
Scrolls
 e - a scroll of noise {unknown}
 f - 2 scrolls of fog {unknown}
 i - a scroll of identify {unknown}


   Skills:
 + Level 4.4 Fighting
 + Level 3.1 Maces & Flails
 + Level 3.7 Armour
 + Level 3.6 Shields


You had 5 spell levels left.
You didn't know any spells.
Your spell library was empty.

Dungeon Overview and Level Annotations

Branches:
Dungeon (3/15)

Altars:
Kikubaaqudgha
Okawaru
Zin
The Shining One

Annotations:
D:3 iamserjio's ghost, weakling DrWn


Innate Abilities, Weirdness & Mutations

You do not eat or drink.
Your flesh is vulnerable to fire.
You are immune to poison.
Your flesh is cold resistant. (rC+)
You are immune to negative energy. (rN+++)
You are immune to unholy pain and torment.
You can survive without breathing.


Message History

Nht's ghost barely misses you.
You barely miss nht's ghost. You block nht's ghost's attack.
You closely miss nht's ghost. Nht's ghost hits you.
You take 3 damage, and have 32/42 hp.
You hit nht's ghost. You freeze nht's ghost. Nht's ghost closely misses you.
You block nht's ghost's attack.
You closely miss nht's ghost. You block nht's ghost's attack.
You barely miss nht's ghost.
Nht's ghost hits you but does no damage.
Nht's ghost hits you.
You take 1 damage, and have 31/42 hp.
You hit nht's ghost. You freeze nht's ghost. Nht's ghost hits you.
You hit nht's ghost. You freeze nht's ghost. Nht's ghost barely misses you.
You hit nht's ghost but do no damage.
Nht's ghost wails.
Nht's ghost hits you but does no damage. x2
You hit nht's ghost. You freeze nht's ghost.
Nht's ghost hits you but does no damage.
You slash nht's ghost! You freeze nht's ghost.
Iamserjio's ghost threatens to break your skull.
Nht's ghost whispers, "The ORB doesn't exist."
Nht's ghost closely misses you.
You barely miss nht's ghost.
Nht's ghost hits you but does no damage.
You closely miss nht's ghost.
Nht's ghost hits you but does no damage.
Nht's ghost hits you.
You take 4 damage, and have 28/42 hp.
You hit nht's ghost but do no damage. Nht's ghost hits you.
You take 3 damage, and have 25/42 hp.
You hit nht's ghost. You freeze nht's ghost.
Nht's ghost hits you but does no damage.
You hit nht's ghost. You freeze nht's ghost. You block nht's ghost's attack.
Nht's ghost hits you but does no damage.
You closely miss nht's ghost.
Nht's ghost hits you but does no damage.
You closely miss nht's ghost.
Nht's ghost hits you but does no damage. x2
You closely miss nht's ghost.
Nht's ghost wails.
Nht's ghost hits you.
You take 6 damage, and have 20/42 hp.
You barely miss nht's ghost. Nht's ghost hits you.
You take 2 damage, and have 18/42 hp.
Your shield and scale mail prevent you from hitting nht's ghost.
Nht's ghost hits you but does no damage.
You hit nht's ghost. You freeze nht's ghost.
Nht's ghost hits you but does no damage.
Nht's ghost hits you.
You take 2 damage, and have 16/42 hp.
You hit nht's ghost. You freeze nht's ghost.
You destroy nht's ghost!
Your Fighting skill increases to level 4!
Your Maces & Flails skill increases to level 3!
You have reached level 6!
Your experience leads to an increase in your attributes!
Increase (S)trength, (I)ntelligence, or (D)exterity?
You feel stronger.
You regained 3 hp, and now have 19/49 hp.
MP restored: 6 You closely miss iamserjio's ghost.
Iamserjio's ghost hits you but does no damage. x2
Your shield and scale mail prevent you from hitting iamserjio's ghost.
Iamserjio's ghost closely misses you.
You hit iamserjio's ghost. You block iamserjio's ghost's attack.
You hit iamserjio's ghost. You block iamserjio's ghost's attack.
You hit iamserjio's ghost but do no damage.
You block iamserjio's ghost's attack. Iamserjio's ghost hits you.
You take 2 damage, and have 18/49 hp.
You hit iamserjio's ghost. You freeze iamserjio's ghost.
You block iamserjio's ghost's attack.
You slash iamserjio's ghost! You freeze iamserjio's ghost.
Iamserjio's ghost barely misses you.
You closely miss iamserjio's ghost.
Iamserjio's ghost hits you but does no damage.
You closely miss iamserjio's ghost. Iamserjio's ghost barely misses you. x2
You hit iamserjio's ghost but do no damage.
Iamserjio's ghost hits you.
You take 2 damage, and have 17/49 hp.
You hit iamserjio's ghost. You block iamserjio's ghost's attack.
You closely miss iamserjio's ghost.
Iamserjio's ghost wails, "Very impressive.
But it won't help.
Nothing will."
Iamserjio's ghost hits you.
* * * LOW HITPOINT WARNING * * *
Iamserjio's ghost hits you!
* * * LOW HITPOINT WARNING * * *
You take 11 damage, and have 7/49 hp.
MASSIVE DAMAGE!!
You hit iamserjio's ghost but do no damage.
Iamserjio's ghost hits you.
* * * LOW HITPOINT WARNING * * *
You take 2 damage, and have 5/49 hp.
You closely miss iamserjio's ghost. Iamserjio's ghost barely misses you.
You hit iamserjio's ghost but do no damage.
Iamserjio's ghost hits you.
* * * LOW HITPOINT WARNING * * *
Iamserjio's ghost hits you but does no damage.
You take 1 damage, and have 4/49 hp.
You closely miss iamserjio's ghost. Iamserjio's ghost hits you.
You die...

.# #...##.#..## # .#
#..........#. ##
#.#........... #
#.#..###.#.### #
#.#..# .#.# #
#.#..###.#.# #
#........# #
###..##### #####
#...W@.# ....#
######..###.# ###.#
#....#..# .# ..#.#
#.##.#..###(#.
..#.###<##.#.........
(.......#............
....###.#..#.########
....###.#..#.#
........#..#.#


You could see iamserjio's ghost.

Vanquished Creatures
  The ghost of nht the Skirmisher, an amateur HOAs (D:3)
  2 orc wizards (D:3)
  2 adders (D:2)
  A shadow imp (D:3)
  An ooze (D:2)
  2 worms
  A dart slug (D:2)
  2 leopard geckos
  3 orcs (D:3)
  2 giant cockroaches
  5 goblins
  3 hobgoblins
  4 jackals (D:3)
  5 kobolds (D:2)
  A quokka (D:2)
  A ball python (D:3)
  3 bats
  9 frilled lizards
  5 rats
53 creatures vanquished.

Notes
Turn   | Place    | Note
-------+----------+-------------------------------------------
     0 | D:1      | mhoghedin the Mummy Fighter began the quest for the Orb.
     0 | D:1      | Reached XP level 1. HP: 18/18 MP: 1/1
   200 | D:1      | Reached XP level 2. HP: 13/24 MP: 2/2
   473 | D:1      | You fall through a shaft!
   737 | D:2      | Reached skill level 2 in Maces & Flails
   737 | D:2      | Reached XP level 3. HP: 13/29 MP: 3/3
  1282 | D:2      | Found an ancient bone altar of Kikubaaqudgha.
  1338 | D:2      | Found a glowing golden altar of the Shining One.
  1699 | D:3      | Reached skill level 3 in Armour
  1699 | D:3      | Reached skill level 3 in Shields
  1699 | D:3      | Reached XP level 4. HP: 15/36 MP: 4/4
  1732 | D:3      | HP: 9/36 [orc wizard/enchanted dagger (1)]
  1988 | D:3      | Found an iron altar of Okawaru.
  2030 | D:3      | Found a glowing silver altar of Zin.
  2110 | D:3      | Reached XP level 5. HP: 27/42 MP: 5/5
  2330 | D:3      | Found a runed gate.
  2330 | D:3      | Found a runed gate.
  2332 | D:3      | Found a runed gate.
  2344 | D:3      | Noticed nht's ghost (amateur HOAs)
  2345 | D:3      | Noticed iamserjio's ghost (weakling DrWn)
  2395 | D:3      | Killed nht's ghost
  2395 | D:3      | Reached skill level 4 in Fighting
  2395 | D:3      | Reached skill level 3 in Maces & Flails
  2395 | D:3      | Reached XP level 6. HP: 19/49 MP: 6/6
  2407 | D:3      | HP: 7/49 [iamserjio's ghost (7)]
  2411 | D:3      | Slain by iamserjio's ghost

Vault maps used:
D:1:      scummos_arrival_hexagon, roderic_serpentine_path, hex_intersection,
          nrook_mini_backslash, kennysheep_another_room, minmay_lizard_pond
D:2:      kiku_gazebo_garden_becter, first_ration, nicolae_tso_carved_into_rock
D:3:      kennysheep_okawaru_gauntlet, zin_academy, gammafunk_ghost_cemetery,
          hangedman_decor_push, minmay_misc_feat_cross

Skill      XL: |  1  2  3  4  5 |
---------------+----------------+-----
Maces & Flails | 2 3 |  3.1
Armour         | 3 |  3.7
Shields        | 3 |  3.6
Fighting       | 4 |  4.4

Action                   |  1- 3 |  4- 6 || total
-------------------------+-------+-------++-------
Melee: Flail             |   156 |    25 ||   181
       Hand axe          |       |    96 ||    96
Armor: Scale mail        |    76 |    47 ||   123
Dodge: Dodged            |    40 |    33 ||    73
Block: Shield            |    70 |    42 ||   112

Table legend:
 A = Non-vault XP
 B = Vault XP
 C = Vault XP percentage of total XP
 D = Non-vault monster count
 E = Vault monster count
 F = Vault count percentage of total count
                 A         B        C        D         E       F
            +---------+---------+-------+---------+---------+-------
      Total |     198 |     326 |  62.2 |      45 |       8 |  15.1
            +---------+---------+-------+---------+---------+-------
        D:1 |       8 |       7 |  46.7 |       5 |       7 |  58.3
        D:2 |      67 |       0 |   0.0 |      20 |       0 |   0.0
        D:3 |     123 |     319 |  72.2 |      20 |       1 |   4.8
            +---------+---------+-------+---------+---------+-------

Vault maps used:
D:1:      scummos_arrival_hexagon, roderic_serpentine_path, hex_intersection,
          nrook_mini_backslash, kennysheep_another_room, minmay_lizard_pond
D:2:      kiku_gazebo_garden_becter, first_ration, nicolae_tso_carved_into_rock
D:3:      kennysheep_okawaru_gauntlet, zin_academy, gammafunk_ghost_cemetery,
          hangedman_decor_push, minmay_misc_feat_cross

Table legend:
 A = Turns spent in this place as a percentage of turns spent in the entire game.
 B = Non-inter-level travel turns spent in this place as a percentage of non-inter-level travel turns spent in the entire game.
 C = Inter-level travel turns spent in this place as a percentage of turns spent in this place.
 D = Turns resting spent in this place as a percentage of non-inter-level travel turns spent in this place.
 E = Turns spent auto-exploring this place as a percentage of non-inter-level travel turns spent in this place.
 F = Non-inter-level travel turns spent in this place divided by the number of levels of this place that you've seen.
                   A       B       C       D       E      F
               +-------+-------+-------+-------+-------+----------------------
         Total | 100.0 | 100.0 |   1.1 |  44.6 |  35.9 | 794.7
       Dungeon | 100.0 | 100.0 |   1.1 |  44.6 |  35.9 | 794.7
               +-------+-------+-------+-------+-------+----------------------

Table legend:
 A = Kills in this place as a percentage of kills in entire the game.
 B = Kills by you in this place as a percentage of kills by you in the entire game.
 C = Kills by friends in this place as a percentage of kills by friends in the entire game.
 D = Other kills in this place as a percentage of other kills in the entire game.
 E = Experience gained in this place as a percentage of experience gained in the entire game.
 F = Experience gained in this place divided by the number of levels of this place that you have seen.
                   A       B       C       D       E      F
               +-------+-------+-------+-------+-------+----------------------
         Total | 100.0 | 100.0 |   N/A |   N/A | 100.0 | 174.7
       Dungeon | 100.0 | 100.0 |   N/A |   N/A | 100.0 | 174.7
               +-------+-------+-------+-------+-------+----------------------
